woodfighter, neutral female human Healer -------- |....%.| |.%..%.|#####[%)######### |...(.^|# -.---# --.-|---# |<..|# # ####` |...|# ^ ##....|###########################` # # |....# --------------- ### ### |...|# ------- |a.............| # # -----# |.....| #%@..............| ### ### ### |....*| # |..............| # # # |>.....############## --------------- ### # ##-.....| # # ------- ## # --------.---# |..........-# |..........| ------------ woodfighter the Empiric Experience level: 5 Strength: 12 Dexterity: 8 Constitution: 15 Intelligence: 10 Wisdom: 17 Charisma: 16 Health: 0(42) Energy: 40(40) Def: 4 Gold: 0 Moves: 2693 Dungeon seed: -Hk0xIHWOCOyWCYm Game ID: woodfighter_1508694573 Your Inventory: Weapons a - a +0 scalpel (weapon in hand) u - 22 cursed -1 darts (in quiver) P - a +0 knife Armor e - an uncursed +1 pair of leather gloves (being worn) n - an uncursed +0 leather armor (being worn) q - an uncursed +0 dwarvish cloak y - an uncursed +0 dwarvish cloak Comestibles h - an uncursed lichen corpse k - 6 blessed eucalyptus leaves l - 3 blessed sprigs of wolfsbane o - an uncursed apple I - an uncursed fortune cookie O - 2 uncursed sprigs of wolfsbane X - 2 uncursed tripe rations Rings L - an uncursed +1 ring of adornment T - a cursed -1 ring of stealth Wands g - a wand of sleep (0:7) N - a wand of fire (0:4) Tools b - an uncursed stethoscope s - an uncursed bag of holding Contents of the bag of holding: 2356 gold pieces a blessed scroll of confuse monster 3 [uncursed] scrolls of enchant weapon 2 uncursed scrolls of light a [uncursed] scroll of scare monster a [uncursed] scroll of scare monster a [uncursed] scroll of teleportation a blessed spellbook of extra healing a blessed spellbook of healing a [blessed] spellbook of magic missile a blessed spellbook of stone to flesh 4 uncursed potions of extra healing a [blessed] potion of extra healing a [uncursed] potion of gain level a blessed potion of healing 3 uncursed potions of healing a [uncursed] potion of paralysis an uncursed potion of sickness an uncursed potion of sleeping Spells and supernatural/magical abilities: Name Level Category Fail Memory h - healing 1 healing 0% 87% x - extra healing 3 healing 27% 87% S - stone to flesh 3 healing 41% 87% W - pray for help -- divine ? -- Your skills at the end: Miscellaneous Skills wands [Basic] Weapon Skills knife [Basic] Spellcasting Skills healing spells [Basic] Final Attributes: You were devoutly aligned. You were poison resistant. You were telepathic. You were somewhat stealthy. You are dead. Vanquished creatures: a small mimic a bugbear a Mordor orc 3 gnome lords a floating eye a kitten 2 dwarves 5 rothes 2 jitterbugs a coyote a gas spore 2 large kobolds a hobgoblin 2 giant rats a brown mold 2 gnomes 2 jackals a fox 3 kobolds 3 newts a goblin 2 sewer rats 4 grid bugs 2 lichens a kobold zombie 46 creatures vanquished. Voluntary challenges: You did not adorn yourself with jewelry or accessories. You did not cause conflict. You were not invisible. You did not have reflection. You were not displaced. You were an atheist. You used a wielded weapon 164 times, starting on turn 113. You did not apply a unicorn horn. You did not use plumbed fixtures. You did not drink any magical draughts. You were illiterate. You never genocided any monsters. You never polymorphed an object. You never changed form. You used no wishes. You never split a pudding. You never wrote Elbereth's name. You never violated your personal moral code. Dungeon overview: The Dungeons of Doom: levels 1 to 7 Level 1 some fountains a long staircase Level 2 Level 3 some fountains Level 4 a fountain stairs to The Gnomish Mines Level 5 a general store, a fountain Level 6 <- You were here Level 7 The Gnomish Mines: Level 5 stairs to The Dungeons of Doom History has recorded: On T:1 you entered the Dungeons of Doom to retrieve the Amulet of Yendor! On T:88 you reached level 2 of The Dungeons of Doom. On T:454 you reached level 3 of The Dungeons of Doom. On T:810 you advanced to experience level 2. On T:855 you reached level 4 of The Dungeons of Doom. On T:1017 you advanced to experience level 3. On T:1212 you reached level 1 of The Gnomish Mines. On T:1351 you reached level 5 of The Dungeons of Doom. On T:1700 you reached level 6 of The Dungeons of Doom. On T:2049 you advanced to experience level 4. On T:2240 you advanced to experience level 5. On T:2660 you reached level 7 of The Dungeons of Doom. Score breakdown: Gold: 968 ( 96 points) Experience: 5 levels ( 400 points) Exploration: 7 levels ( 180 points) Discoveries: 16 items ( 800 points) Variety of kills: 25 monsters ( 1250 points) Major goal: (nothing yet) ( 0 points) Survival: died (score multiplied by 3) Total score: 8178 Latest messages: You stop exploring. You hack the giant rat. The giant rat is moderately wounded. The giant rat bites! You slash the giant rat. The giant rat is heavily wounded. The giant rat bites! You kill the giant rat! You slash the giant rat. The giant rat is moderately wounded. The giant rat bites! You hack the giant rat. The giant rat is horribly wounded. The giant rat bites! You kill the giant rat! You see here a giant rat corpse. You hack the giant beetle. The giant beetle is lightly wounded. You slash the giant beetle. The giant beetle is lightly wounded. The giant beetle bites! You slash the giant beetle. The giant beetle is moderately wounded. You hack the giant beetle. The giant beetle is moderately wounded. The giant beetle bites! You die... Final status: Goodbye woodfighter the Healer, killed by a giant beetle... You died in The Dungeons of Doom on dungeon level 6 with 8178 points, and 2356 pieces of gold, after 2693 moves. You were level 5 with a maximum of 42 hit points when you died.